 Dungeon Crawl Stone Soup version 0.27.0-1-g7a089689b8 (webtiles) character file.

Game seed: 7771100162398101864

176357 ZombieSheep the Timeless (level 18, -3/142 HPs)
             Began as a Gnoll Wanderer on Aug 7, 2021.
             Was a High Priest of Cheibriados.
             Slain by a shambling mangrove (29 damage)
             ... on level 4 of the Swamp.
             The game lasted 01:58:45 (35845 turns).

ZombieSheep the Timeless (Gnoll Wanderer)          Turns: 35845, Time: 01:58:46

Health: -3/142     AC: 20    Str: 29    XL:     18   Next: 13%
Magic:  18/34      EV: 26    Int: 40    God:    Cheibriados [*****.]
Gold:   379        SH: 11    Dex: 33    Spells: 18/41 levels left

rFire    + + .     SeeInvis .   b - +10 war axe of Recklessness {vorpal, +Rage rN+ Will+ Int+3}
rCold    + + .     Faith    .   f - +1 buckler {AC+3}
rNeg     + + +     Spirit   .   C - +0 acid dragon scales
rPois    +         Reflect  .   j - +2 hat of Noon {+Inv rN++}
rElec    .         Harm     .   M - +1 cloak {rPois}
rCorr    +         Rampage  .   S - +1 pair of gloves {archery}
Will     ++...                  E - +0 pair of boots
Stlth    +++.......             o - amulet "Gedghas" {RegenMP rF+ rC+ Int+4 Slay+3}
HPRegen  0.33/turn              O - ring of protection from fire
MPRegen  0.49/turn              Y - ring "Etaffeg" {rC+ Int+3 Dex+7}

@: about to teleport, studying Bows, very slow
A: fangs 1, strong nose, distributed training
a: Renounce Religion, Evoke Berserk Rage, Evoke Invisibility, Bend Time,
Temporal Distortion, Slouch, Step From Time


You were on level 4 of the Swamp.
You worshipped Cheibriados.
Cheibriados was extremely pleased with you.
You visited 4 branches of the dungeon, and saw 27 of its levels.
You also visited: Ice Cave and Volcano.

You collected 3877 gold pieces.
You spent 3498 gold pieces at shops.

Inventory:

Hand Weapons
 a - a +0 hunting sling
 b - the +10 war axe of Recklessness (weapon) {vorpal, +Rage rN+ Will+ Int+3}
   (You found it on level 1 of the Swamp)

   It inflicts extra damage upon your enemies.
   Int:       It affects your intelligence (+3).
   rN:        It protects you from negative energy.
   +Rage:     It lets you go berserk.
   Will:      It increases your willpower.
 R - a +6 demon blade of freezing
 U - a +5 trident of venom
Missiles
 g - 462 stones (quivered)
 h - 129 sling bullets
 H - 6 throwing nets
Armour
 f - a +1 buckler of protection (worn)
 j - the +2 hat of Noon (worn) {+Inv rN++}
   (You acquired it on level 2 of the Orcish Mines)

   rN:        It greatly protects you from negative energy.
   +Inv:      It lets you turn invisible.
 C - +0 acid dragon scales (worn)
 E - a +0 pair of boots (worn)
 M - a +1 cloak of poison resistance (worn)
 S - a +1 pair of gloves of archery (worn)
 T - a +2 leather armour of fire resistance
 W - a +2 kite shield of cold resistance
 X - a +1 chain mail of cold resistance
Jewellery
 c - a +4 ring of slaying
 e - a ring of poison resistance
 o - the amulet "Gedghas" (around neck) {RegenMP rF+ rC+ Int+4 Slay+3}
   (You acquired it on level 4 of the Swamp)

   [amulet of magic regeneration]

   It increases your rate of magic regeneration.
   Int:       It affects your intelligence (+4).
   Slay:      It affects your accuracy & damage with ranged weapons and melee
   (+3).
   rF:        It protects you from fire.
   rC:        It protects you from cold.
 q - a +4 ring of slaying
 r - a ring of see invisible
 O - a ring of protection from fire (left hand)
 P - the amulet of the Air {Inacc Air Fly rElec RMsl}
   (You took it off a wight on level 8 of the Dungeon)

   [amulet of nothing]

   It reduces the accuracy of all your attacks.
   It enhances your air magic.
   rElec:     It insulates you from electricity.
   Fly:       It grants you flight.
   RMsl:      It protects you from missiles.
 Y - the ring "Etaffeg" (right hand) {rC+ Int+3 Dex+7}
   (You acquired it on level 2 of the Orcish Mines)

   [ring of protection from cold]

   Int:       It affects your intelligence (+3).
   Dex:       It affects your dexterity (+7).
   rC:        It protects you from cold.
Wands
 p - a wand of digging (8)
 D - a wand of charming (18)
 G - a wand of iceblast (22)
 L - a wand of polymorph (11)
 V - a wand of mindburst (30)
Scrolls
 d - 2 scrolls of holy word
 s - 4 scrolls of amnesia
 t - 2 scrolls of magic mapping
 u - 2 scrolls of teleportation
 y - 2 scrolls of brand weapon
 B - a scroll of enchant armour
 J - 2 scrolls of fog
 Q - 5 scrolls of identify
 Z - 2 scrolls of enchant weapon
Potions
 i - 17 potions of curing
 k - 3 potions of might
 l - a potion of magic
 x - 2 potions of brilliance
 z - 6 potions of lignification
 A - a potion of resistance
 F - 7 potions of cancellation
 K - 3 potions of ambrosia
 N - 3 potions of mutation


   Skills:
 + Level 12.7 Fighting
 + Level 12.2 Short Blades
 + Level 12.0 Long Blades
 + Level 12.0 Axes
 + Level 12.0 Maces & Flails
 + Level 12.0 Polearms
 + Level 12.0 Staves
 + Level 12.0 Slings
 + Level 12.6 Bows
 + Level 12.0 Crossbows
 + Level 12.0 Throwing
 + Level 12.0 Armour
 + Level 12.2 Dodging
 + Level 12.6 Stealth
 + Level 12.2 Shields
 + Level 12.7 Unarmed Combat
 + Level 12.0 Spellcasting
 + Level 10.2 Conjurations
 + Level 10.2 Hexes
 + Level 10.2 Summonings
 + Level 10.2 Necromancy
 + Level 10.2 Translocations
 + Level 10.2 Transmutations
 + Level 10.2 Fire Magic
 + Level 10.2 Ice Magic
 + Level 10.2 Air Magic
 + Level 10.2 Earth Magic
 + Level 10.2 Poison Magic
 + Level 12.9 Invocations
 + Level 12.2 Evocations


You had 18 spell levels left.
You knew the following spells:

 Your Spells              Type           Power      Damage    Failure   Level
a - Dispel Undead         Necr           82%        3d27      1%          4
b - Petrify               Tmut/Erth      82%        N/A       1%          4
c - Bolt of Magma         Conj/Fire/Erth 41%        4d17      1%          5
d - Yara's Violent Unrav  Hex/Tmut       41%        3d16      1%          5
e - Fireball              Conj/Fire      41%        3d17      1%          5

Your spell library contained the following spells:

 Spells                   Type           Power      Damage    Failure   Level
 Animate Skeleton         Necr           100%       N/A       1%          1
 Apportation              Tloc           100%       N/A       1%          1
 Corona                   Hex            91%        N/A       1%          1
 Pain                     Necr           100%       1d9       1%          1
 Summon Small Mammal      Summ           100%       N/A       1%          1
 Blink                    Tloc           N/A        N/A       1%          2
 Corpse Rot               Necr/Air       N/A        N/A       1%          2
 Slow                     Hex            82%        N/A       1%          2
 Static Discharge         Conj/Air       82%        N/A       1%          2
 Sublimation of Blood     Necr           41%        N/A       1%          2
 Confusing Touch          Hex            82%        N/A       1%          3
 Conjure Flame            Conj/Fire      82%        6-21      1%          3
 Ignite Poison            Fire/Tmut/Pois 82%        N/A       1%          3
 Lesser Beckoning         Tloc           41%        N/A       1%          3
 Ozocubu's Armour         Ice            82%        N/A       1%          3
 Vampiric Draining        Necr           41%        2d11      1%          3
 Leda's Liquefaction      Hex/Erth       41%        N/A       1%          4
 Sticky Flame             Conj/Fire      82%        2d9       1%          4
 Agony                    Necr           82%        N/A       1%          5
 Excruciating Wounds      Necr           41%        N/A       1%          5
 Irradiate                Conj/Tmut      41%        3d27      1%          5
 Iskenderun's Battlesphe  Conj           82%        2d13      1%          5
 Lightning Bolt           Conj/Air       41%        1d60      1%          5
 Manifold Assault         Tloc           82%        N/A       1%          5
 Metabolic Englaciation   Hex/Ice        41%        N/A       1%          5
 Conjure Ball Lightning   Conj/Air       41%        3x3d13    3%          6
 Death Channel            Necr           41%        N/A       3%          6
 Dispersal                Tloc           41%        N/A       3%          6
 Statue Form              Tmut/Erth      54%        N/A       3%          6
 Orb of Destruction       Conj           41%        9d14      21%         7
 Ozocubu's Refrigeration  Ice            41%        4d13      21%         7
 Disjunction              Tloc           41%        N/A       85%         8


Dungeon Overview and Level Annotations

Branches:
Dungeon (15/15)            Temple (0/1) D:5            Lair (6/6) D:10
  Swamp (4/4) Lair:2        Snake (0/4) Lair:3        Slime (0/5) Lair:5
    Orc (2/2) D:12            Elf (0/3) Orc:2        Vaults (0/5) D:13
 Depths (0/5) D:15          IceCv (visited)         Volcano (visited)

Altars:
Cheibriados
Makhleb
Nemelex Xobeh
Okawaru
Ru
Sif Muna
Vehumet
Beogh

Shops:
D:4 *   Orc:2 ![*:*=(*

Portals:
Pandemonium: Orc:2
Trove: D:12 (give 5 scrolls of fog)

Annotations:
Lair:6 1 runed translucent door, DemonSlayer's ghost, journeyman HuBe
Swamp:1 Roxanne
Orc:1 3 runed translucent doors, Rachuaq's ghost, adept GnSk


Innate Abilities, Weirdness & Mutations

You have very sharp teeth.
Your uncanny sense of smell can sniff out nearby items.
Your experience applies equally to all skills.


Message History

* * * LOW HITPOINT WARNING * * *
The grasping roots constrict you!
The thorn hunter gestures.
Thorny briars emerge from the ground!
Casting: Bolt of Magma (mildly dangerous; 1% risk of failure)
Confirm with . or Enter, or press ? or * to list all spells.
Aiming: Bolt of Magma (mildly dangerous; 1% risk of failure)
Press: ? - help, Shift-Dir - straight line, f/p - thorn hunter
Aim: a thorn hunter (almost destroyed, 77% to hit)
Okay, then.
You feel much better.
The briar patch crumbles away.
The shambling mangrove completely misses you.
* * * LOW HITPOINT WARNING * * *
The grasping roots constrict you. The thorn hunter hits you.
* * * LOW HITPOINT WARNING * * *
You block the thorn hunter's attack.
As you read the scroll of teleportation, it crumbles to dust.
You feel strangely unstable. The thorn hunter hits you.
* * * LOW HITPOINT WARNING * * *
The thorn hunter hits you.
* * * LOW HITPOINT WARNING * * *
The shambling mangrove hits you!
* * * LOW HITPOINT WARNING * * *
x2 The grasping roots constrict you.
You feel much better.
The briar patch crumbles away.
The thorn hunter closely misses you. The thorn hunter misses you.
The shambling mangrove misses you. The grasping roots constrict you.
You warp the flow of time around you!
Cheibriados lowers the support of your attributes as your movement quickens.
Casting: Bolt of Magma (mildly dangerous; 1% risk of failure)
Confirm with . or Enter, or press ? or * to list all spells.
Aiming: Bolt of Magma (mildly dangerous; 1% risk of failure)
Press: ? - help, Shift-Dir - straight line, f - shambling mangrove
Aim: a shambling mangrove (moderately damaged, 98% to hit)
The bolt of magma hits the shambling mangrove!!!
The shambling mangrove is severely damaged.
The briar patch crumbles away. x2
Angry insects surge out from beneath the shambling mangrove's foliage!
The shambling mangrove hits you!!
You die...

.(... ..≈♣≈. ≈### .
≈(..≈ ≈§.# #.# ♣# (.≈#
≈≈≈♣# #≈≈♣#.#♣♣♣(.♣
≈≈.≈♣♣ ≈...♣≈.((.(♣
≈≈≈.§♣ ♣.≈.y♣.y≈♣
.≈≈≈.♣♣#♣ #≈.♣≈f@(#
≈≈§≈≈.♣.## #≈.♣).##
≈≈≈.≈≈♣♣.#♣##..)≈#
..≈≈..♣.≈.#♣##≈≈#♣
..♣≈.♣.....♣#)..##♣♣
≈.♣≈.≈≈......P.P...♣♣
≈≈♣♣§...♣≈...≈PP≈.≈≈♣♣
♣≈♣♣.)..♣≈≈§.≈..§≈.≈≈♣
♣♣♣♣...≈≈§.≈..≈≈..)(♣.


You could see a shambling mangrove and 2 hornets.

Vanquished Creatures
  Nikola (Swamp:2)
  Rupert (Lair:6)
  Gastronok (Orc:1)
  3 thorn hunters
  An orc warlord (Orc:1)
  A very ugly thing (IceCv)
  2 vampire knights (Swamp:4)
  A war gargoyle (D:12)
  Nessos (Lair:5)
  5 bunyips
  Azrael (Orc:2)
  2 blizzard demons (IceCv)
  An ettin (Orc:2)
  A fire dragon (Lair:6)
  2 shambling mangroves (Swamp:4)
  2 boulder beetles
  Harold (Orc:1)
  A caustic shrike simulacrum (IceCv)
  20 hydras
  2 death knights
  2 ghost crabs
  6 alligators
  Erica (D:8)
  6 two-headed ogres
  12 death yaks
  2 centaur warriors
  A soul eater (Orc:2)
  4 orc high priests (Orc:2)
  Sonja (Lair:1)
  A fire crab (Volcano)
  A death drake (Swamp:3)
  5 skeletal warriors
  6 spriggan druids
  2 goliath frogs (Swamp:1)
  A torturous demonspawn (Orc:2)
  A deep troll (D:13)
  An infernal demonspawn (Orc:2)
  2 phantasmal warriors
  2 spectral hydras (Swamp:4)
  14 swamp dragons
  A wizard (D:15)
  A bog body (Swamp:1)
  A necromancer (D:15)
  An obsidian statue (IceCv)
  3 lindwurms
  7 orc knights
  2 deep elf pyromancers
  A deep elf zephyrmancer (D:15)
  3 cyclopes
  10 orc sorcerers
  5 ugly things
  2 will-o-the-wisps
  2 manticores
  4 black mambas
  12 elephants
  5 centaur zombies
  A rust devil (Orc:2)
  3 molten gargoyles
  Maurice (D:13)
  9 gargoyles (D:12)
  A smoke demon (Orc:2)
  14 cane toads
  3 rime drakes
  Maggie (D:6)
  4 efreet
  12 komodo dragons
  6 entropy weaver simulacra (IceCv)
  A kobold demonologist (D:13)
  An anaconda simulacrum (IceCv)
  A hellwing (Orc:2)
  A tengu conjurer (D:13)
  4 ice devils
  4 freezing wraiths
  A golden dragon simulacrum (IceCv)
  A guardian mummy (D:12)
  A troll (shapeshifter) (D:14)
  2 trolls (D:12)
  A red devil (Orc:2)
  3 hydra zombies (Swamp:4)
  3 meliai (D:12)
  4 tyrant leeches
  2 death drake zombies (Swamp:4)
  4 polar bears
  19 slime creatures
  2 hydra skeletons (Swamp:4)
  2 hornets (Swamp:4)
  14 blink frogs
  5 dream sheep (Lair:6)
  2 death drake skeletons (Swamp:4)
  A centaur simulacrum (D:14)
  4 wyverns
  A vampire (D:11)
  Sigmund (D:3)
  A ynoxinul (Orc:2)
  4 wraiths
  51 yaks
  7 spriggans
  12 spriggan simulacra (IceCv)
  9 fire bats (Volcano)
  4 fire elementals (Orc:2)
  Grum (Lair:1)
  8 basilisks
  7 steam dragons
  2 wargs
  3 minotaur simulacra (IceCv)
  16 vampire mosquitoes
  3 nagas (Lair:3)
  5 hydra simulacra
  19 swamp worms
  12 water moccasins
  2 acid dragons
  8 hell hounds
  A sky beast (D:7)
  An ettin simulacrum (IceCv)
  A swamp dragon zombie (Swamp:4)
  A black bear (Lair:3)
  8 swamp drakes
  An ice beast (D:5)
  36 orc warriors
  19 wolves
  2 alligator simulacra (IceCv)
  3 necrophages
  A swamp dragon skeleton (Swamp:4)
  11 ogres
  6 centaurs
  4 kobold brigands
  2 wyvern zombies (D:7)
  14 bullfrogs
  A gnoll sergeant (D:9)
  3 scorpions
  4 deep troll simulacra (IceCv)
  A wyvern skeleton (D:5)
  A lindwurm simulacrum (IceCv)
  6 killer bees
  3 electric eels
  17 wights
  3 howler monkeys (D:10)
  A crimson imp (D:10)
  11 lava snakes
  A bullfrog zombie (D:5)
  4 hounds
  3 centaur skeletons
  30 orc priests
  Crazy Yiuf (D:2)
  A gnoll shaman (D:8)
  17 jellies
  Jessica (D:2)
  15 orc wizards
  3 iguanas
  4 hell rats (Lair:4)
  Robin (D:2)
  9 gnolls
  5 adders
  A white imp (D:6)
  2 ufetubi (D:5)
  4 dart slugs
  76 orcs
  7 ball pythons
  9 endoplasms
  5 giant cockroaches
  6 goblins
  10 hobgoblins
  4 jackals
  A quokka (D:5)
  6 bats
  4 frilled lizards
  A jackal skeleton (D:4)
  17 kobolds
  7 rats
912 creatures vanquished.

Vanquished Creatures (others)
  2 bunyips (Swamp:2)
  A goliath frog (Swamp:1)
  A molten gargoyle (Lair:6)
  A tyrant leech (Swamp:4)
  A bloated husk (Swamp:3)
  6 foxfires
  63 fungi
  88 plants
163 creatures vanquished.

Grand Total: 1075 creatures vanquished

Notes
Turn   | Place    | Note
-------+----------+-------------------------------------------
     0 | D:1      | ZombieSheep the Gnoll Wanderer began the quest for the Orb.
     0 | D:1      | ZombieSheep set off with the following items: a +0 club, 3
                  | throwing nets, a potion of curing, a potion of
                  | lignification, a +0 leather armour, a +0 dagger
     0 | D:1      | Reached XP level 1. HP: 20/20 MP: 1/1
   131 | D:1      | Reached XP level 2. HP: 17/26 MP: 2/2
   427 | D:1      | Got Zaewniha's Guide on Frigorific Confrontation
   596 | D:1      | Reached XP level 3. HP: 31/31 MP: 3/3
   610 | D:1      | Reached skill level 5 in Fighting
   610 | D:1      | Reached skill level 5 in Stealth
   610 | D:1      | Reached skill level 5 in Unarmed Combat
   610 | D:1      | Reached XP level 4. HP: 4/40 MP: 3/9
   610 | D:1      | HP: 2/40 [gnoll (2)]
  1061 | D:1      | Found a faded altar of an unknown god.
  1069 | D:1      | Became a worshipper of Cheibriados the Contemplative
  1069 | D:1      | Reached * piety under Cheibriados
  1658 | D:2      | Noticed Jessica
  1662 | D:2      | Killed Jessica
  1696 | D:2      | Reached XP level 5. HP: 40/46 MP: 10/10
  1805 | D:2      | Noticed Robin
  1822 | D:2      | Killed Robin
  1824 | D:2      | Reached ** piety under Cheibriados
  2408 | D:2      | Found a runed translucent door.
  2409 | D:2      | Noticed Crazy Yiuf
  2414 | D:2      | Killed Crazy Yiuf
  2633 | D:3      | Found a snail-covered altar of Cheibriados.
  2813 | D:3      | Noticed Sigmund
  2815 | D:3      | Identified a scroll of acquirement
  2834 | D:3      | Killed Sigmund
  2835 | D:3      | Reached XP level 6. HP: 12/52 MP: 10/12
  3009 | D:3      | Acquired a +2 pair of gloves of strength
  3704 | D:4      | Found Reclycy's Assorted Antiques.
  3927 | D:4      | Reached *** piety under Cheibriados
  3996 | D:4      | Reached XP level 7. HP: 58/58 MP: 13/13
  4314 | D:5      | Entered Level 5 of the Dungeon
  4344 | D:5      | Found a staircase to the Ecumenical Temple.
  4438 | D:5      | Found a sparkling altar of Nemelex Xobeh.
  4582 | D:5      | Reached skill level 5 in Short Blades
  4582 | D:5      | Reached skill level 5 in Dodging
  4582 | D:5      | Reached skill level 5 in Shields
  4582 | D:5      | Reached skill level 5 in Evocations
  4661 | D:5      | Reached XP level 8. HP: 65/65 MP: 14/14
  5796 | D:6      | Noticed Maggie
  5817 | D:6      | Killed Maggie
  5818 | D:6      | Reached skill level 5 in Invocations
  6118 | D:6      | Reached XP level 9. HP: 71/71 MP: 16/16
  6191 | D:6      | Found an iron altar of Okawaru.
  6515 | D:6      | Reached skill level 5 in Long Blades
  6515 | D:6      | Reached skill level 5 in Axes
  6515 | D:6      | Reached skill level 5 in Maces & Flails
  6515 | D:6      | Reached skill level 5 in Polearms
  6515 | D:6      | Reached skill level 5 in Staves
  6515 | D:6      | Reached skill level 5 in Slings
  6515 | D:6      | Reached skill level 5 in Bows
  6515 | D:6      | Reached skill level 5 in Crossbows
  6515 | D:6      | Reached skill level 5 in Throwing
  6515 | D:6      | Reached skill level 5 in Armour
  6515 | D:6      | Reached skill level 5 in Spellcasting
  6587 | D:6      | Reached **** piety under Cheibriados
  6777 | D:4      | Bought a glowing buckler for 187 gold pieces
  7060 | D:7      | Reached XP level 10. HP: 32/79 MP: 16/18
  7843 | D:8      | Noticed Erica
  7850 | D:8      | Killed Erica
  7898 | D:8      | Reached ***** piety under Cheibriados
  8077 | D:8      | Reached skill level 5 in Conjurations
  8077 | D:8      | Reached skill level 5 in Hexes
  8077 | D:8      | Reached skill level 5 in Summonings
  8077 | D:8      | Reached skill level 5 in Necromancy
  8077 | D:8      | Reached skill level 5 in Translocations
  8077 | D:8      | Reached skill level 5 in Transmutations
  8077 | D:8      | Reached skill level 5 in Fire Magic
  8077 | D:8      | Reached skill level 5 in Ice Magic
  8077 | D:8      | Reached skill level 5 in Air Magic
  8077 | D:8      | Reached skill level 5 in Earth Magic
  8077 | D:8      | Reached skill level 5 in Poison Magic
  8645 | D:9      | Reached XP level 11. HP: 85/85 MP: 20/20
  8805 | D:9      | Found a sacrificial altar of Ru.
  9009 | D:9      | Noticed a two-headed ogre
  9020 | D:9      | Killed a two-headed ogre
  9155 | D:10     | Entered Level 10 of the Dungeon
  9323 | D:10     | Found a staircase to the Lair.
  9475 | D:10     | Found a shimmering blue altar of Sif Muna.
  9534 | D:10     | Reached ****** piety under Cheibriados
  9770 | D:10     | Found a radiant altar of Vehumet.
  9771 | D:10     | Found a burning altar of Makhleb.
 10168 | D:10     | Learned a level 4 spell: Dispel Undead
 10223 | Lair:1   | Entered Level 1 of the Lair of Beasts
 10366 | Lair:1   | Noticed Sonja
 10373 | Lair:1   | Killed Sonja
 10507 | Lair:1   | Noticed Grum
 10517 | Lair:1   | Killed Grum
 11028 | Lair:2   | Reached XP level 12. HP: 94/94 MP: 22/22
 11164 | Lair:2   | Noticed a seven-headed hydra
 11188 | Lair:2   | Killed a seven-headed hydra
 11270 | Lair:2   | You fall into a shaft and drop 1 floor!
 11316 | Lair:3   | Found a staircase to the Snake Pit.
 11365 | Lair:3   | Found the +15 Maxwell's patent armour {-Cast -Tele rElec
                  | Will+ rCorr}
 12724 | Lair:4   | Noticed a four-headed hydra
 13082 | Lair:4   | Noticed a five-headed hydra
 13092 | Lair:4   | Killed a five-headed hydra
 13501 | Lair:4   | Killed a four-headed hydra
 13855 | Lair:5   | Found a staircase to the Slime Pits.
 13882 | Lair:5   | Reached XP level 13. HP: 101/101 MP: 23/25
 14468 | Lair:5   | Noticed Nessos
 14483 | Lair:5   | Killed Nessos
 15123 | Lair:6   | Entered Level 6 of the Lair of Beasts
 15239 | Lair:6   | Noticed a fire dragon
 15239 | Lair:6   | Found a large runed translucent door.
 15251 | Lair:6   | Found a large runed translucent door.
 15647 | Lair:6   | Reached skill level 10 in Fighting
 15647 | Lair:6   | Reached skill level 10 in Unarmed Combat
 15662 | Lair:6   | Reached XP level 14. HP: 104/110 MP: 26/26
 15724 | Lair:6   | Identified the +4 mace of Analysis {freeze, +Rage rC+ MP+9
                  | Str-3}
 15973 | Lair:6   | Reached skill level 10 in Stealth
 16116 | Lair:6   | Reached skill level 10 in Invocations
 16211 | Lair:6   | Found a runed translucent door.
 16214 | Lair:6   | Noticed DemonSlayer's ghost (journeyman HuBe)
 16252 | Lair:6   | Noticed Rupert
 16269 | Lair:6   | Killed Rupert
 17957 | D:11     | Learned a level 4 spell: Petrify
 17963 | D:11     | Learned a level 5 spell: Bolt of Magma
 18316 | D:4      | Bought an ebony trident for 212 gold pieces
 18316 | D:4      | Identified the +0 trident "Leviticus" {pain, Stlth+} (You
                  | bought it in a shop on level 4 of the Dungeon)
 18316 | D:4      | Bought a runed cloak for 187 gold pieces
 18666 | D:12     | Found a portal to a secret trove of treasure.
 19027 | D:12     | Reached skill level 10 in Short Blades
 19027 | D:12     | Reached skill level 10 in Dodging
 19027 | D:12     | Reached skill level 10 in Shields
 19027 | D:12     | Reached skill level 10 in Evocations
 19037 | D:12     | Noticed a war gargoyle
 19047 | D:12     | Killed a war gargoyle
 19330 | D:12     | Reached XP level 15. HP: 67/117 MP: 8/28
 19491 | D:12     | Found a staircase to the Orcish Mines.
 19732 | D:12     | Identified the +5 scale mail of Mezcal {Harm Str-2 Dex+9}
 20213 | D:13     | Reached skill level 10 in Long Blades
 20213 | D:13     | Reached skill level 10 in Axes
 20213 | D:13     | Reached skill level 10 in Maces & Flails
 20213 | D:13     | Reached skill level 10 in Polearms
 20213 | D:13     | Reached skill level 10 in Staves
 20213 | D:13     | Reached skill level 10 in Slings
 20213 | D:13     | Reached skill level 10 in Bows
 20213 | D:13     | Reached skill level 10 in Crossbows
 20213 | D:13     | Reached skill level 10 in Throwing
 20213 | D:13     | Reached skill level 10 in Armour
 20213 | D:13     | Reached skill level 10 in Spellcasting
 20366 | D:13     | Found a gate leading to a gauntlet.
 20415 | D:13     | Noticed Maurice
 20434 | D:13     | Killed Maurice
 20796 | D:13     | Found a gate to the Vaults.
 20808 | D:13     | Learned a level 5 spell: Yara's Violent Unravelling
 20814 | D:13     | Learned a level 5 spell: Fireball
 21327 | D:14     | Found a radiant altar of Vehumet.
 22431 | D:15     | Entered Level 15 of the Dungeon
 23061 | D:15     | Found a staircase to the Depths.
 23323 | Orc:1    | Entered Level 1 of the Orcish Mines
 23340 | Orc:1    | Found a runed translucent gate.
 23340 | Orc:1    | Found a runed translucent gate.
 23340 | Orc:1    | Found a runed translucent gate.
 23341 | Orc:1    | Noticed Gastronok
 23357 | Orc:1    | Killed Gastronok
 23358 | Orc:1    | Reached XP level 16. HP: 111/125 MP: 14/30
 23364 | Orc:1    | Noticed Rachuaq's ghost (adept GnSk)
 23491 | Orc:1    | Found a dark tunnel.
 23567 | Volcano  | Entered a volcano
 23766 | Volcano  | Found a radiant altar of Vehumet.
 24094 | Orc:1    | Noticed Harold
 24122 | Orc:1    | Killed Harold
 24589 | Orc:2    | Entered Level 2 of the Orcish Mines
 24589 | Orc:2    | Found Yfaizaps's Jewellery Emporium.
 24625 | Orc:2    | Noticed Azrael
 24641 | Orc:2    | Killed Azrael
 24691 | Orc:2    | Found Qaklufeg's Weapon Boutique.
 24759 | Orc:2    | Found Rumaarhias's Assorted Antiques.
 24833 | Orc:2    | Found a staircase to the Elven Halls.
 24966 | Orc:2    | Found Divut's General Store.
 25031 | Orc:2    | Found Reyrhuc's General Store.
 25397 | Orc:2    | Found Nowiap's Book Emporium.
 25397 | Orc:2    | Found Aczip's Antique Armour Shoppe.
 25398 | Orc:2    | Found a one-way gate leading to the halls of Pandemonium.
 25495 | Orc:2    | Found Measunlo's Distillery.
 26039 | Orc:2    | Bought a scroll of acquirement for 1456 gold pieces
 26039 | Orc:2    | Acquired the ring "Etaffeg" {rC+ Int+3 Dex+7}
 26909 | Lair:2   | Found a staircase to the Swamp.
 27275 | Swamp:1  | Entered Level 1 of the Swamp
 27399 | Swamp:1  | Identified Roxanne's Reference Book on Transformation
 27399 | Swamp:1  | Noticed Roxanne
 27786 | Swamp:1  | Found a frozen archway.
 27790 | IceCv    | Entered an ice cave
 29017 | IceCv    | Reached XP level 17. HP: 133/133 MP: 32/32
 30245 | Swamp:1  | Identified the +10 war axe of Recklessness {vorpal, +Rage
                  | rN+ Will+ Int+3}
 30700 | Swamp:2  | Acquired 967 gold pieces
 31467 | Swamp:2  | Identified the +8 falchion "Rakk" {spect, rElec}
 31892 | Orc:2    | Bought a scroll of acquirement for 1456 gold pieces
 31892 | Orc:2    | Acquired the +2 hat of Noon {+Inv rN++}
 32632 | Swamp:3  | Noticed Nikola
 32822 | Swamp:2  | Killed Nikola
 33542 | Swamp:2  | Reached skill level 10 in Conjurations
 33542 | Swamp:2  | Reached skill level 10 in Hexes
 33542 | Swamp:2  | Reached skill level 10 in Summonings
 33542 | Swamp:2  | Reached skill level 10 in Necromancy
 33542 | Swamp:2  | Reached skill level 10 in Translocations
 33542 | Swamp:2  | Reached skill level 10 in Transmutations
 33542 | Swamp:2  | Reached skill level 10 in Fire Magic
 33542 | Swamp:2  | Reached skill level 10 in Ice Magic
 33542 | Swamp:2  | Reached skill level 10 in Air Magic
 33542 | Swamp:2  | Reached skill level 10 in Earth Magic
 33542 | Swamp:2  | Reached skill level 10 in Poison Magic
 34336 | Swamp:4  | Entered Level 4 of the Swamp
 34364 | Swamp:4  | Acquired the amulet "Gedghas" {RegenMP rF+ rC+ Int+4
                  | Slay+3}
 35324 | Swamp:4  | Reached XP level 18. HP: 142/142 MP: 28/33
 35845 | Swamp:4  | Slain by a shambling mangrove

Illustrated notes

Levels and vault maps discovered:
D:1:      lightli_arrival_quake, layout_loops_cross,
          dreamdust_ecumenical_altar_hidden_monk_grotto
D:2:      layout_loops_ring, uniq_crazy_yiuf_cottage, uniq_jessica, uniq_robin
D:3:      layout_basic, marbit_many_paths, chequers_serial_rivers_micro_d,
          uniq_sigmund
D:4:      layout_layer_cave, serial_shops, nicolae_shop_behind_doors,
          minmay_diced_spiral
D:5:      layout_layer_cave, nemelex_spade_bored_becter,
          minmay_temple_entry_trees, minmay_misc_feat_plants, minmay_liquid_box
D:6:      layout_basic, okawaru_ov_weapons_minmay, uniq_maggie
D:7:      layout_cave_pools, hangedman_decor_growths, nrook_loot_triangle,
          minmay_misc_feat_secret_circle
D:8:      layout_basic, hangedman_decor_clover_reticule, grunt_ministairs_3,
          minivault_10, uniq_erica
D:9:      layout_irregular_city, nicolae_overflow_hidden_temple, minivault_24
D:10:     layout_basic, grunt_temple_overflow_lords_of_destruction,
          mainiacjoe_overflow_catwalk, lair_entry_dummy,
          grunt_decor_mini_mirrors
D:11:     layout_roguey
D:12:     gargoyle_guard, layout_loops_ring, david_orc_5,
          nicolae_trove_entry_path_of_doom, minmay_quadrilaterals
D:13:     layout_cave_pools, david_vaults_4, gauntlet_entry_generic,
          uniq_maurice
D:14:     layout_layer_cave, vehumet_crystals
D:15:     grunt_enter_depths_magical_seal, layout_cave_pools,
          minmay_misc_feat_tower
Lair:1:   layout_misc_corridors, uniq_sonja, uniq_grum
Lair:2:   layout_regular_city, palyth_hydra_swamp_entry,
          grunt_forest_large_clearing_hut, serial_bayou_shore_a
Lair:3:   layout_loops_ring, guppyfry_snake_entry_garden, grunt_megastairs_3
Lair:4:   layout_regular_city, serial_bayou_ford_a
Lair:5:   layout_hall_layers, minmay_slime_entry_jelly_boxes,
          grunt_megastairs_2, uniq_nessos
Lair:6:   cheibrodos_lair_end_hotspot, layout_regular_city,
          hellmonk_ghost_happy_afterlife, uniq_rupert
Swamp:1:  layout_basic_swamp, portal_ice_cave_entry_pillars_four,
          serial_swamp_ruin, evilmike_swamp_ruin_rubble_2,
          evilmike_swamp_ruin_house_6, evilmike_swamp_ruin_wall, swamp_pool1,
          uniq_roxanne
Swamp:2:  layout_basic_swamp, evilmike_swamp_ruin_house_3
Swamp:3:  layout_falls_marsh, evilmike_swamp_ruin_rubble_1, uniq_nikola
Swamp:4:  byrel_swamp_growth_death_and_undeath, layout_basic_swamp
Orc:1:    layout_diamond_mine, nicolae_volcano_entry_vermiform,
          ebering_ghost_rock_garden, abandoned_shop, david_defended_altar_orc,
          uniq_gastronok, uniq_harold
Orc:2:    pf_orc_diabolical, layout_caves, serial_shops, shop, shop_statue,
          nicolae_shop_statue_plus, shop, uniq_azrael

Skill      XL: |  1  2  3  4  5  6  7  8  9 10 11 12 13 14 15 16 17 18 |
---------------+-------------------------------------------------------+-----
Fighting       | 5 6 7 8 9 10 11 12 | 12.7
Short Blades   | 4 5 6 7 8 9 10 11 12 | 12.2
Long Blades    | 3 4 5 6 7 8 9 10 11 12 | 12.0
Axes           | 3 4 5 6 7 8 9 10 11 12 | 12.0
Maces & Flails | 3 4 5 6 7 8 9 10 11 12 | 12.0
Polearms       | 3 4 5 6 7 8 9 10 11 12 | 12.0
Staves         | 3 4 5 6 7 8 9 10 11 12 | 12.0
Slings         | 3 4 5 6 7 8 9 10 11 12 | 12.0
Bows           | 3 4 5 6 7 8 9 10 11 12 | 12.6
Crossbows      | 3 4 5 6 7 8 9 10 11 12 | 12.0
Throwing       | 3 4 5 6 7 8 9 10 11 12 | 12.0
Armour         | 3 4 5 6 7 8 9 10 11 12 | 12.0
Dodging        | 4 5 6 7 8 9 10 11 12 | 12.2
Stealth        | 5 6 7 8 9 10 11 12 | 12.6
Shields        | 4 5 6 7 8 9 10 11 12 | 12.2
Unarmed Combat | 5 6 7 8 9 10 11 12 | 12.7
Spellcasting   | 3 4 5 6 7 8 9 10 11 12 | 12.0
Conjurations   | 3 4 5 6 7 8 9 10 | 10.2
Hexes          | 3 4 5 6 7 8 9 10 | 10.2
Summonings     | 3 4 5 6 7 8 9 10 | 10.2
Necromancy     | 3 4 5 6 7 8 9 10 | 10.2
Translocations | 3 4 5 6 7 8 9 10 | 10.2
Transmutations | 3 4 5 6 7 8 9 10 | 10.2
Fire Magic     | 3 4 5 6 7 8 9 10 | 10.2
Ice Magic      | 3 4 5 6 7 8 9 10 | 10.2
Air Magic      | 3 4 5 6 7 8 9 10 | 10.2
Earth Magic    | 3 4 5 6 7 8 9 10 | 10.2
Poison Magic   | 3 4 5 6 7 8 9 10 | 10.2
Invocations    | 4 5 6 7 8 9 10 11 12 | 12.9
Evocations     | 4 5 6 7 8 9 10 11 12 | 12.2

Action                   |  1- 3 |  4- 6 |  7- 9 | 10-12 | 13-15 | 16-18 || total
-------------------------+-------+-------+-------+-------+-------+-------++-------
Melee: Unarmed           |    73 |    54 |       |       |       |       ||   127
       Bite              |     5 |     9 |    13 |    68 |   139 |   147 ||   381
       Punch             |     1 |     1 |     2 |       |       |       ||     4
       Hand axe          |       |    20 |       |       |       |       ||    20
       Trident           |       |       |    50 |   308 |   628 |   502 ||  1488
       War axe           |       |       |       |       |       |   152 ||   152
 Fire: Hunting sling     |       |    69 |   248 |   423 |   674 |  1136 ||  2550
Throw: Throwing net      |       |     1 |       |       |     3 |       ||     4
       Stone             |       |       |       |     1 |     5 |     2 ||     8
 Cast: Bolt of Magma     |       |       |       |       |    24 |    18 ||    42
       Dispel Undead     |       |       |       |       |    13 |    21 ||    34
       Petrify           |       |       |       |       |     2 |       ||     2
       Yara's Violent Un |       |       |       |       |       |     2 ||     2
       Fireball          |       |       |       |       |       |     1 ||     1
Invok: Bend Time         |       |       |     1 |       |     1 |       ||     2
       Slouch            |       |       |       |     3 |    12 |    12 ||    27
       Temporal Distorti |       |       |       |       |     1 |     1 ||     2
Evoke: Wand              |       |       |       |     1 |     4 |     1 ||     6
  Use: Potion            |     2 |     3 |     1 |       |     6 |     4 ||    16
       Scroll            |       |     5 |     6 |    13 |    12 |     8 ||    44
 Stab: Sleeping          |     2 |       |       |     2 |    15 |     2 ||    21
       Distracted        |       |     1 |       |       |       |     1 ||     2
       Held in net/web   |       |       |       |       |     1 |       ||     1
Armor: Leather armour    |    20 |     2 |       |       |       |       ||    22
       Ring mail         |       |    27 |    14 |       |       |       ||    41
       Skin              |       |     2 |       |       |       |       ||     2
       Acid dragon scale |       |       |    59 |   141 |   148 |   252 ||   600
Dodge: Dodged            |    49 |    41 |   108 |   313 |   447 |   798 ||  1756
       Repelled          |       |       |       |       |       |     6 ||     6
Block: Buckler           |       |       |    14 |   202 |   245 |   420 ||   881
